 Dungeon Crawl Stone Soup version 0.31.0-12-g77e489cdc1 (webtiles) character file.

Game seed: 17236650663269672134

1090 hawla the Covered (level 8, 0/66 HPs)
             Began as a Minotaur Fighter on Mar 5, 2024.
             Slain by Joseph
             ... wielding a +2 heavy quarterstaff
              (14 damage)
             ... on level 8 of the Dungeon.
             The game lasted 00:11:21 (5375 turns).

hawla the Covered (Minotaur Fighter)                Turns: 5375, Time: 00:11:22

Health: 0/66       AC: 11    Str: 24    XL:     8   Next: 9%
Magic:  7/7        EV: 10    Int: 11    God:
Gold:   23         SH:  5    Dex:  9    Spells: 7/7 levels left

rFire   . . .        a - +0 war axe (heavy)
rCold   + . .        c - +1 buckler
rNeg    . . .        b - +0 scale mail
rPois   .            (helmet restricted)
rElec   .            l - +0 cloak
rCorr   .            (no gloves)
SInv    .            f - +1 pair of boots
Will    .....        u - amulet of regeneration Stlth
                     r - +6 ring of intelligence
HPRegen 1.11/turn    q - ring of protection from cold
MPRegen 0.10/turn

%: no passive effects
@: no status effects
A: horns 2, retaliatory headbutt
a: no special abilities


You were on level 8 of the Dungeon.
You visited 1 branch of the dungeon, and saw 8 of its levels.

You collected 237 gold pieces.
You spent 214 gold pieces at shops.

Inventory:

Hand Weapons
 a - a +0 heavy war axe (weapon)
Missiles
 x - 5 atropa-tipped darts
Armour
 b - a +0 scale mail (worn)
 c - a +1 buckler (worn)
 f - a +1 pair of boots (worn)
 l - a +0 cloak (worn)
Jewellery
 q - a ring of protection from cold (right hand)
 r - a +6 ring of intelligence (left hand)
 u - an amulet of regeneration (around neck)
Wands
 h - a wand of iceblast (13)
 t - a wand of mindburst (13)
Scrolls
 e - 5 scrolls of fog
 n - a scroll of teleportation
 s - a scroll of fear
 v - a scroll of enchant weapon {unknown}
 y - 3 scrolls of silence {unknown}
 C - a scroll of poison
Potions
 d - a potion of might
 i - a potion of attraction {unknown}
 j - 3 potions of curing {unknown}
 k - 2 potions of ambrosia {unknown}
 o - 2 potions of invisibility {unknown}
 w - a potion of heal wounds {unknown}
 z - a potion of degeneration {unknown}
 A - a potion of magic {unknown}


   Skills:
 - Level 4.0 Fighting
 - Level 2.4 Axes
 - Level 6.0 Throwing
 + Level 6.5 Armour
 - Level 3.0 Dodging
 - Level 5.0 Shields
 - Level 3.0 Evocations


You had 7 spell levels left.
You didn't know any spells.
Your spell library was empty.

Dungeon Overview and Level Annotations

Branches:
Dungeon (8/15)
 Temple: D:4-7         Lair: D:8-11

Altars:
Cheibriados
Gozag
Nemelex Xobeh
Okawaru
Lugonu

Shops:
D:6 :?:

Portals:
Abyss: D:6

Annotations:
D:8 Joseph


Innate Abilities, Weirdness & Mutations

You have a pair of horns on your head.
You reflexively headbutt those who attack you in melee.


Message History

The bullfrog gives a loud, deep croak!
You hear a loud squeak.
As you read the scroll of teleportation, it crumbles to dust.
You feel strangely unstable.
The death yak snorts and paws the ground.
Your surroundings suddenly seem different.
You start resting.
HP restored.
Okay, then.
Search for what [Enter for "rmo", or ? for help]? red
As you read the scroll of brand weapon, it crumbles to dust.
Your +0 war axe becomes incredibly heavy!
a - a +0 heavy war axe (weapon)
There is a shaft here.
Found an escape hatch in the ceiling.
Joseph, a Mercenary comes into view.
He is wielding a +2 heavy quarterstaff.
Joseph shouts!
Joseph is nearby!
Joseph is nearby!
Joseph hits you with a +2 heavy quarterstaff.
You barely miss Joseph.
Joseph hits you with a +2 heavy quarterstaff.
You barely miss Joseph.
Joseph hits you with a +2 heavy quarterstaff!
Joseph hits you with a +2 heavy quarterstaff!!
You slash Joseph!
Joseph is lightly wounded.
You block Joseph's attack.
You hit Joseph.
Joseph is moderately wounded.
Joseph hits you with a +2 heavy quarterstaff!
You slash Joseph!
Joseph is heavily wounded.
Joseph hits you with a +2 heavy quarterstaff!
* * * LOW HITPOINT WARNING * * *
Joseph says, "It's nothing personal, but I have to kill you."
Joseph hits you but does no damage.
You slash Joseph!
Joseph is heavily wounded.
Joseph hits you with a +2 heavy quarterstaff!
You die...

##.##..##.##.#
...##..##.##.###.##
###..#............#
#.#..##.##.###..##
#.#..##.##.......
#.##........##..#
.##.##.######..######
#.##..## #@.......
#.##.#.####@#
..#.........#
........######
######.## ###


You could see Joseph.

Vanquished Creatures
  A black bear (D:5)
  A centaur (D:6)
  2 phantoms
  2 scorpions
  A bullfrog (D:6)
  Blork the orc (D:5)
  3 killer bees (D:5)
  An orc priest (D:3)
  A hound (D:6)
  2 sleepcaps
  4 orc wizards
  Robin (D:3)
  3 gnolls (D:7)
  3 adders
  5 dart slugs
  2 ribbon worms
  17 orcs
  5 endoplasms
  12 goblins
  12 hobgoblins
  5 kobolds
  6 quokkas
  5 ball pythons
  3 bats (D:3)
  4 frilled lizards
  A rat (D:1)
  A lurking horror (D:6)
104 creatures vanquished.

Vanquished Creatures (others)
  A lurking horror (D:6)
1 creature vanquished.

Grand Total: 105 creatures vanquished

Notes
Turn   | Place    | Note
-------+----------+-------------------------------------------
     0 | D:1      | hawla the Minotaur Fighter began the quest for the Orb.
     0 | D:1      | Reached XP level 1. HP: 19/19 MP: 0/0
   110 | D:1      | Reached skill level 1 in Dodging
   154 | D:1      | Reached XP level 2. HP: 16/26 MP: 1/1
   984 | D:2      | Reached XP level 3. HP: 26/31 MP: 2/2
  1263 | D:2      | Reached skill level 1 in Evocations
  1795 | D:3      | Reached XP level 4. HP: 35/39 MP: 3/3
  2349 | D:3      | Found a snail-covered altar of Cheibriados.
  2417 | D:3      | Noticed Robin
  2429 | D:3      | Killed Robin
  2430 | D:3      | Reached XP level 5. HP: 43/46 MP: 4/4
  2804 | D:4      | Found a sparkling altar of Nemelex Xobeh.
  3491 | D:4      | Reached skill level 5 in Shields
  3491 | D:4      | Reached skill level 1 in Throwing
  3630 | D:5      | Entered Level 5 of the Dungeon
  3663 | D:5      | Noticed a phantom
  3671 | D:5      | Killed a phantom
  3672 | D:5      | Reached XP level 6. HP: 52/52 MP: 5/5
  3861 | D:5      | Reached XP level 7. HP: 49/59 MP: 6/6
  3879 | D:5      | Reached skill level 5 in Throwing
  3958 | D:5      | Noticed Blork the orc
  3967 | D:5      | Killed Blork the orc
  4009 | D:5      | Found an opulent altar of Gozag.
  4084 | D:5      | Found an iron altar of Okawaru.
  4267 | D:6      | Found Hetzov's Book Boutique.
  4459 | D:6      | Found Johilyz's Magic Scroll Boutique.
  4474 | D:6      | Bought a scroll of brand weapon for 104 gold pieces
  4474 | D:6      | Bought a scroll of fear for 44 gold pieces
  4474 | D:6      | Bought a scroll of identify for 22 gold pieces
  4474 | D:6      | Bought a scroll of poison for 44 gold pieces
  4494 | D:6      | Reached skill level 5 in Armour
  4586 | D:6      | Reached XP level 8. HP: 66/66 MP: 7/7
  4683 | D:6      | Found Pixoul's Book Shop.
  4695 | D:6      | Found a one-way gate to the infinite horrors of the Abyss.
  4877 | D:6      | Found a corrupted altar of Lugonu.
  5228 | D:7      | Noticed a hornet
  5236 | D:7      | Paralysed by a hornet for 2 turns
  5286 | D:8      | Noticed a death yak
  5293 | D:8      | Noticed a death yak
  5294 | D:8      | Noticed a death yak
  5368 | D:8      | Noticed Joseph
  5375 | D:8      | Slain by Joseph

Illustrated notes

Levels and vault maps discovered:
D:1:      roderic_octagonal_star, layout_loops_ring
D:2:      layout_basic
D:3:      layout_basic, mainiacjoe_overflow_paths, st_stairs_3,
          kennysheep_small_spiral, uniq_robin
D:4:      layout_basic, amcnicky_altar_gilded
D:5:      layout_rooms, okawaru_metal_pillars_1_2, grunt_gozag_statues,
          uniq_blork_the_orc
D:6:      layout_basic, serial_shops, shop, shop,
          nicolae_shop_pleasant_corner_grove, amcnicky_altar_lugonu_corruption
D:7:      layout_basic, makhleb_heckhound_becter,
          nicolae_overflow_crystal_walls, minmay_temple_entry_butterflies,
          uniq_maurice
D:8:      layout_loops_ring, kennysheep_little_box, dpeg_lair_monsters,
          uniq_joseph

Skill      XL: |  1  2  3  4  5  6  7 |
---------------+----------------------+-----
Dodging        | 1 3 |  3.0
Evocations     | 2 3 |  3.0
Fighting       | 4 |  4.0
Shields        | 5 |  5.0
Throwing       | 2 4 6 |  6.0
Armour         | 6 |  6.5
Axes           | |  2.4

Action                     |  1- 3 |  4- 6 |  7- 9 || total
---------------------------+-------+-------+-------++-------
  Melee: War axe           |    63 |   110 |   109 ||   282
         Headbutt          |    12 |    16 |    15 ||    43
  Throw: Dart              |       |       |     4 ||     4
         Throwing net      |       |       |     2 ||     2
  Evoke: Wand              |       |       |     3 ||     3
    Use: Scroll            |     5 |     4 |     8 ||    17
 Armour: Scale mail        |    35 |   107 |   156 ||   298
  Dodge: Dodged            |    33 |    65 |    49 ||   147
  Block: Buckler           |    14 |    37 |    33 ||    84
